 Dungeon Crawl Stone Soup version 0.27.1-33-g824d729ab1 (webtiles) character file.

Game seed: 4321057050090410319

42 MisterFreud the Skirmisher (level 3, -2/36 HPs)
             Began as a Minotaur Abyssal Knight on Dec 29, 2021.
             Was a Believer of Lugonu.
             Slain by Jessica (6 damage)
             ... on level 2 of the Dungeon.
             The game lasted 00:01:19 (1767 turns).

MisterFreud the Skirmisher (MiAK)                   Turns: 1767, Time: 00:01:20

Health: -2/36      AC:  5    Str: 17    XL:     3   Next: 35%
Magic:  3/3        EV: 10    Int:  9    God:    Lugonu [**....]
Gold:   11         SH:  0    Dex:  9    Spells: 2/2 levels left

rFire    . . .     SeeInvis +   a - +1 falchion
rCold    . . .     Faith    .   (no shield)
rNeg     . . .     Spirit   .   j - +0 ring mail
rPois    .         Reflect  .   (helmet restricted)
rElec    .         Harm     .   (no cloak)
rCorr    .         Rampage  .   (no gloves)
Will     .....                  (no boots)
Stlth    ..........             (no amulet)
HPRegen  0.12/turn              e - ring of see invisible
MPRegen  0.08/turn              (no ring)

@: no status effects
A: horns 2, retaliatory headbutt
a: Renounce Religion, Depart the Abyss, Bend Space


You were on level 2 of the Dungeon.
You worshipped Lugonu.
Lugonu was pleased with you.
You visited 1 branch of the dungeon, and saw 2 of its levels.
You visited the Abyss 1 time.

You collected 11 gold pieces.

Inventory:

Hand Weapons
 a - a +1 falchion (weapon)
Armour
 b - a +0 leather armour
 j - a +0 ring mail (worn)
Jewellery
 e - a ring of see invisible (left hand)
Scrolls
 f - 2 scrolls of holy word {unknown}
 g - a scroll of silence {unknown}
 h - a scroll of identify {unknown}
Potions
 c - a potion of haste {unknown}
 d - a potion of might {unknown}
 i - 2 potions of degeneration {unknown}


   Skills:
 * Level 5.4 Fighting
 - Level 2.4 Long Blades
 - Level 2.4 Armour
 - Level 1.1 Dodging
 - Level 1.7 Invocations


You had 2 spell levels left.
You didn't know any spells.
Your spell library contained the following spells:

 Spells                   Type           Power      Damage    Failure   Level
 Magic Dart               Conj           0%         1d3       58%         1
 Call Imp                 Summ           0%         N/A       73%         2
 Mephitic Cloud           Conj/Pois/Air  0%         N/A       91%         3


Dungeon Overview and Level Annotations

Branches:
Dungeon (2/15)

Altars:

Annotations:
D:2 Jessica


Innate Abilities, Weirdness & Mutations

You have a pair of horns on your head.
You reflexively headbutt those who attack you in melee.


Message History

Found a stone staircase leading up.
Jessica the Apprentice Sorceress comes into view.
She is wielding a +0 club.
Jessica shouts!
Jessica gestures wildly while chanting.
Jessica blinks!
Jessica moves out of view.
Jessica is nearby!
Jessica is nearby!
Found 20 stones.
Jessica gestures wildly while chanting.
Jessica blinks!
Found an escape hatch in the floor.
A kobold comes into view. It is wielding a +0 dagger.
Jessica casts a spell at you. Pain shoots through your body!
You completely miss Jessica. Jessica hits you with a +0 club.
You hit Jessica.
Jessica is heavily wounded.
Jessica shouts, "You're disturbing me!
I'll have to kill you!"
Jessica mumbles some strange words.
Jessica seems to speed up.
Jessica closely misses you.
You hit Jessica.
Jessica is almost dead.
Jessica points at you and mumbles some strange words.
Pain shoots through your body!
You are too injured to fight recklessly!
You are too injured to fight recklessly!
You completely miss Jessica.
Jessica is almost dead.
Jessica hits you with a +0 club.
* * * LOW HITPOINT WARNING * * *
Jessica hits you with a +0 club.
* * * LOW HITPOINT WARNING * * *
The kobold closely misses you.
Jessica mumbles some strange words.
Jessica blinks!
Jessica casts a spell.
Jessica blinks!
There is a stone staircase leading up here.
Jessica hits you with a +0 club.
You die...

.. #.# ### .. #.. ..
#.#######. ####... ...
#..... #.#
#####.##†#####@#
###.....##<.##.@.###.###.
..†.####....§....K.(.....
..######.####..###.#...>#
..###.....###.## .# .##
†.........#...####...
..###.....#.#.......# ..#
#.........####... ..#
#.......### ##..


You could see Jessica (fast) and a kobold.

Vanquished Creatures
  A worm (D:2)
  A dart slug (D:1)
  2 ball pythons (D:1)
  3 bats
  4 endoplasms
  4 goblins (D:1)
  4 hobgoblins
  4 kobolds (D:1)
  3 quokkas (D:1)
  2 frilled lizards
  5 rats
33 creatures vanquished.

Notes
Turn   | Place    | Note
-------+----------+-------------------------------------------
     0 | Abyss:1  | MisterFreud the Minotaur Abyssal Knight began the quest for
                  | the Orb.
     0 | Abyss:1  | Reached XP level 1. HP: 19/19 MP: 1/1
    15 | D:1      | Escaped the Abyss
   145 | D:1      | Reached skill level 4 in Fighting
   157 | D:1      | Reached XP level 2. HP: 15/28 MP: 2/2
   815 | D:1      | Reached skill level 5 in Fighting
  1068 | D:1      | Reached XP level 3. HP: 36/36 MP: 3/3
  1293 | D:1      | Reached ** piety under Lugonu
  1754 | D:2      | Noticed Jessica
  1767 | D:2      | Slain by Jessica

Illustrated notes

Levels and vault maps discovered:
D:1:      saegor_arrival_simple_e, layout_basic, minmay_pentomino_u4
D:2:      layout_rooms, ebering_ecumenical_altar_abandoned, uniq_jessica

Skill      XL: |  1  2 |
---------------+-------+-----
Fighting       | 4 5 |  5.4
Long Blades    | |  2.4
Armour         | |  2.4
Dodging        | |  1.1
Invocations    | |  1.7

Action                   || total
-------------------------++-------
Melee: Falchion          ||    61
       Headbutt          ||     8
Armor: Leather armour    ||    10
       Ring mail         ||     9
Dodge: Dodged            ||    43
       Rpst.: Falchion   ||     6
